 Dungeon Crawl Stone Soup version 0.27-a0-1296-g8ece459b43 (webtiles) character file.

Game seed: 5667772597567650596

296 frbl the Digger (level 6, -1/48 HPs)
             Began as a Gargoyle Earth Elementalist on June 16, 2021.
             Splashed by Ijyb's acid (11 damage)
             ... on level 4 of the Dungeon.
             The game lasted 00:05:52 (3608 turns).

frbl the Digger (Gargoyle Earth Elementalist)       Turns: 3608, Time: 00:05:53

Health: -1/48      AC: -1    Str: 12    XL:     6   Next: 34%
Magic:  1/12       EV: 11    Int: 17    God:
Gold:   133        SH:  0    Dex: 10    Spells: 9/13 levels left

rFire    . . .     SeeInvis .   a - +0 whip
rCold    . . .     Faith    .   (no shield)
rNeg     + . .     Spirit   .   b - +0 robe
rPois    ∞         Reflect  .   (no helmet)
rElec    +         Harm     .   (no cloak)
rCorr    .         Rampage  .   (no gloves)
Will     .....                  (no boots)
Stlth    ..........             (no amulet)
HPRegen  0.16/turn              (no ring)
MPRegen  0.13/turn              (no ring)

@: berserking, corroded, very quick
A: sickness immunity, AC +4, negative energy resistance 1, electricity
resistance, torment resistance 1, petrification resistance
a: no special abilities


You were on level 4 of the Dungeon.
You visited 1 branch of the dungeon, and saw 4 of its levels.

You collected 133 gold pieces.

Inventory:

Hand Weapons
 a - a +0 whip (weapon)
Missiles
 c - 101 stones
Armour
 b - a +0 robe (worn)
Jewellery
 g - an amulet of the acrobat
Wands
 i - a wand of polymorph (14)
Scrolls
 f - 2 scrolls of identify
 j - 3 scrolls of teleportation {unknown}
 k - a scroll of brand weapon {unknown}
 n - a scroll of immolation
Potions
 d - a potion of attraction
 l - a potion of haste {unknown}
 m - 2 potions of cancellation


   Skills:
 - Level 1.5 Dodging
 - Level 2.1 Stealth
 + Level 4.0 Spellcasting
 + Level 2.8 Conjurations
 - Level 0.7 Transmutations
 + Level 5.9 Earth Magic


You had 9 spell levels left.
You knew the following spells:

 Your Spells              Type           Power      Damage    Failure   Level
a - Sandblast             Erth           46%        2d11      1%          1
b - Stone Arrow           Conj/Erth      36%        3d9       8%          3

Your spell library contained the following spells:

 Spells                   Type           Power      Damage    Failure   Level
 Passwall                 Tmut/Erth      11%        N/A       6%          2
 Petrify                  Tmut/Erth      14%        N/A       36%         4
 Lee's Rapid Deconstruct  Erth           11%        3d9*      36%         5


Dungeon Overview and Level Annotations

Branches:
Dungeon (4/15)
 Temple: D:4-7

Altars:

Annotations:
D:4 Ijyb


Innate Abilities, Weirdness & Mutations

You are immune to sickness and miasma.
Your stone body is resilient. (AC +4)
You are immune to poison.
You resist negative energy. (rN+)
You are resistant to electric shocks. (rElec)
You are resistant to unholy torment.
You are immune to petrification.


Message History

You hear a shout! x3
As you read the scroll labelled UZXUDIQEWU, it crumbles to dust.
It is a scroll of identify.
d - a potion of attraction
As you read the scroll of identify, it crumbles to dust.
m - 2 potions of cancellation A centaur skeleton comes into view.
Ijyb the Twisted Goblin comes into view.
She is wielding a +0 club and carrying a wand of acid (10).
Really quaff the potion of attraction?
Okay, then.
Unknown command.
Unknown command.
Unknown command.
Unknown command.
Casting: Sandblast (safe; 1% risk of failure)
Confirm with . or Enter, or press ? or * to list all spells.
You don't have enough magic to cast this spell.
Unknown command.
Unknown command.
Casting: Sandblast (safe; 1% risk of failure)
Confirm with . or Enter, or press ? or * to list all spells.
Aiming: Sandblast (safe; 1% risk of failure)
Press: ? - help, Shift-Dir - straight line, f - Ijyb
Aim: Ijyb, wielding a +0 club, wearing a +0 leather armour and carrying a wand of acid (10) (76% to hit)
The blast of sand hits Ijyb.
Ijyb is lightly wounded.
Unknown command.
It was a potion of berserk rage.
A red film seems to cover your vision as you go berserk!
You feel yourself moving faster!
You feel mighty!
Ijyb zaps a wand.
The bolt of acid hits you. The acid corrodes you!
You are splashed with acid!
Unknown command.
You closely miss Ijyb.
Ijyb is lightly wounded.
You hit Ijyb.
Ijyb is moderately wounded.
Ijyb zaps a wand.
The bolt of acid hits you!!
* * * LOW HITPOINT WARNING * * *
The acid corrodes you!
You are splashed with acid!
You die...

#.........#
#.........#
#.........###
#...†........
#......<..##
#..........##.#
#..<..........#
#........g##..
#########@# #)#
#.#
#...O....(.#
#..............
#...........###
#......>...##
#..........#
#..........#


You could see Ijyb.

Vanquished Creatures
  An ogre (D:4)
  A scorpion (D:4)
  A water moccasin skeleton (D:4)
  5 adders
  A worm (D:2)
  2 dart slugs
  5 ball pythons
  2 endoplasms
  2 giant cockroaches
  9 goblins
  4 hobgoblins
  2 jackals (D:2)
  4 kobolds
  2 quokkas
  4 bats
  9 rats
54 creatures vanquished.

Notes
Turn   | Place    | Note
-------+----------+-------------------------------------------
     0 | D:1      | frbl the Gargoyle Earth Elementalist began the quest for
                  | the Orb.
     0 | D:1      | Reached XP level 1. HP: 10/10 MP: 3/3
   464 | D:1      | Reached XP level 2. HP: 15/15 MP: 3/5
   467 | D:1      | Reached skill level 4 in Earth Magic
  1507 | D:2      | Reached XP level 3. HP: 18/19 MP: 6/6
  1915 | D:2      | Learned a level 3 spell: Stone Arrow
  2091 | D:2      | Reached XP level 4. HP: 24/24 MP: 4/8
  2991 | D:3      | Found a faded altar of an unknown god.
  3292 | D:3      | Reached skill level 1 in Conjurations
  3328 | D:3      | Reached skill level 5 in Earth Magic
  3537 | D:4      | Noticed a scorpion
  3542 | D:4      | Killed a scorpion
  3543 | D:4      | Reached XP level 5. HP: 28/28 MP: 5/10
  3589 | D:4      | Noticed an ogre
  3599 | D:4      | Killed an ogre
  3600 | D:4      | Reached XP level 6. HP: 28/32 MP: 3/11
  3604 | D:4      | Noticed Ijyb
  3608 | D:4      | Splashed by Ijyb's acid

Illustrated notes

Levels and vault maps discovered:
D:1:      zelgadis_glass_arrival_small, layout_basic
D:2:      kennysheep_big_flooded_room, layout_basic, minmay_misc_feat_tiny,
          grunt_ministairs_4
D:3:      layout_loops_corners, hellmonk_ecumenical_altar_blasted
D:4:      layout_rooms, uniq_natasha, uniq_duvessa, uniq_ijyb

Skill      XL: |  1  2  3  4  5  6 |
---------------+-------------------+-----
Earth Magic    | 4 5 |  5.9
Spellcasting   | 3 4 |  4.0
Conjurations   | 1 2 |  2.8
Dodging        | |  1.5
Stealth        | |  2.1
Transmutations | |  0.7

Action                   |  1- 3 |  4- 6 || total
-------------------------+-------+-------++-------
Melee: Whip              |   125 |    44 ||   169
 Cast: Sandblast         |    14 |    20 ||    34
  Use: Scroll            |       |     4 ||     4
       Potion            |       |     1 ||     1
 Stab: Sleeping          |     3 |     2 ||     5
Armor: Robe              |    41 |    14 ||    55
Dodge: Dodged            |    82 |    36 ||   118

Table legend: (Time is in decaauts)
 A = Elapsed time spent in this place.
 B = Non-inter-level travel time spent in this place.
 C = Inter-level travel time spent in this place.
 D = Time resting spent in this place.
 E = Time spent auto-exploring this place.
 F = Levels seen in this place.
 G = Mean time per level.
                   A        B        C        D        E       F      G
               +--------+--------+--------+--------+--------+-----+--------+
         Total |   3623 |   3514 |    109 |     59 |   3017 |   4 |  905.8 |
       Dungeon |   3623 |   3514 |    109 |     59 |   3017 |   4 |  905.8 |
               +--------+--------+--------+--------+--------+-----+--------+

Top non-repeatable levels by time:
     D:1: 1276 daAuts
     D:2: 1271 daAuts
     D:3: 1005 daAuts
     D:4: 70 daAuts
